 Dungeon Crawl Stone Soup version 0.29.1-12-g30fa7ad0bf (webtiles) character file.

Game seed: 7982831439496558656

401 croobank the Trooper (level 6, 0/56 HPs)
             Began as a Minotaur Fighter on Dec 24, 2022.
             Blown up by a gnoll (19 damage)
             ... with a mindburst bolt
             ... on level 4 of the Dungeon.
             The game lasted 00:04:59 (3123 turns).

croobank the Trooper (Minotaur Fighter)             Turns: 3123, Time: 00:04:59

Health: 0/56       AC:  8    Str: 22    XL:     6   Next: 54%
Magic:  5/5        EV:  9    Int:  5    God:
Gold:   129        SH:  0    Dex: 10    Spells: 5/5 levels left

rFire   . . .      SeeInvis .   a - +2 war axe
rCold   . . .      Faith    .   c - +0 buckler
rNeg    . . .      Spirit   .   b - +0 scale mail
rPois   .          Reflect  .   (helmet restricted)
rElec   .          Harm     .   (no cloak)
rCorr   .          Rampage  .   u - +0 pair of gloves
Will    .....                   (no boots)
Stlth   ..........              (no amulet)
HPRegen 0.18/turn               (no ring)
MPRegen 0.09/turn               (no ring)

@: confused, ambrosia-drunk
A: horns 2, retaliatory headbutt
a: no special abilities


You were on level 4 of the Dungeon.
You visited 1 branch of the dungeon, and saw 4 of its levels.

You collected 129 gold pieces.

Inventory:

Hand Weapons
 a - a +2 war axe (weapon)
 q - a +1 vampiric short sword
Missiles
 e - 6 atropa-tipped darts
 h - 4 javelins (quivered)
 m - 3 poisoned darts
Armour
 b - a +0 scale mail (worn)
 c - a +0 buckler (worn)
 u - a +0 pair of gloves (worn)
Jewellery
 k - a +4 ring of evasion
Scrolls
 n - 3 scrolls of teleportation
Potions
 d - 2 potions of might
 g - a potion of brilliance {unknown}
 i - 3 potions of mutation {unknown}
 l - 4 potions of degeneration {unknown}
 o - a potion of magic {unknown}
 s - a potion of curing {unknown}
 v - 2 potions of attraction {unknown}
 w - a potion of haste {unknown}
 z - a potion of lignification {unknown}


   Skills:
 + Level 5.4 Fighting
 + Level 4.7 Axes
 + Level 5.4 Armour
 + Level 5.4 Shields


You had 5 spell levels left.
You didn't know any spells.
Your spell library contained the following spells:

 Spells                   Type           Power      Damage    Failure   Level
 Magic Dart               Conj           0%         1d3       86%         1
 Call Imp                 Summ           0%         N/A       95%         2
 Searing Ray              Conj           0%         2d4       95%         2
 Mephitic Cloud           Conj/Pois/Air  0%         N/A       99%         3
 Fulminant Prism          Conj/Hex       0%         3d6       100%        4


Dungeon Overview and Level Annotations

Branches:
Dungeon (4/15)
 Temple: D:4-7

Altars:


Innate Abilities, Weirdness & Mutations

You have a pair of horns on your head.
You reflexively headbutt those who attack you in melee.


Message History

Found a crooked glowing staff.
Found an escape hatch in the ceiling.
A goblin comes into view. It is wielding a +0 dagger.
You see here 15 gold pieces.
Your dart slug dissolves into shadows!
Your kobold dissolves into shadows!
v - 2 black potions (gained 1)
As you read the scroll labelled VEGUER UMETH, it crumbles to dust.
It is a scroll of amnesia.
You feel forgetful for a moment.
As you read the scroll labelled MUC QON WUCEU, it crumbles to dust.
Your body is wracked with pain!
It was a scroll of torment.
Unknown command.
As you read the scroll labelled AHAUROO LACAIS, it crumbles to dust.
You feel strangely unstable.
It was a scroll of teleportation.
Blink to where?
Press: ? - help, Dir - move target
As you read the scroll labelled NAHIC UGOOMP, it crumbles to dust.
It was a scroll of blinking.
The goblin shouts!
As you read the scroll labelled FUZAUNU PICI, it crumbles to dust.
The creatures around you are filled with an inner flame!
It was a scroll of immolation.
Your surroundings suddenly seem different.
Found 6 atropa-tipped darts.
Found a stone staircase leading up.
You see here 6 atropa-tipped darts.
e - 6 atropa-tipped darts A gnoll comes into view.
It is wielding a +0 spear and carrying a wand of mindburst (12).
As you read the scroll labelled ASTRAQ BUADAUNGI, it crumbles to dust.
It is a scroll of identify.
f - a potion of ambrosia The gnoll shouts!
The air fills with toxic fumes!
As you read the scroll labelled XEHYNO XOABURI, it crumbles to dust.
It was a scroll of poison.
The gnoll zaps a wand.
Your mind is blasted!
* * * LOW HITPOINT WARNING * * *
You are confused.
You feel invigorated.
The gnoll zaps a wand.
Your mind is blasted!
You die...

##.# #.#.# ..§###§#§# #
.§§#§#§# #.#
.<#§##§§§#§########.######
..§§§§§§§§§§§§§§§.........
..§§§§§§§§§§§§§§§.........
##§§§§§§§§§§§§§§§........K
#§§§§§§§§§§§§§§§.........
#§§§§§§§@§§§§§g§.........
#§§§§§§§§§§§§§§§^........
#§§§§§§§§§§§§§§§.$.......
#§§§§§§§§§§§§§§§.........
#§§§§§§§§§§§§§§§.....)...
§§§§§§§§§§§§§§§.........
§§§§§§§§§§§§§§§.........
§§§§§§§§§§§§§§§.........
................


You could see a gnoll.

Vanquished Creatures
  A bullfrog (D:4)
  A necrophage (D:4)
  A howler monkey (D:4)
  A hound (D:4)
  A jelly (D:3)
  Jessica (D:3)
  An iguana (D:4)
  Robin (D:2)
  3 adders
  A worm (D:2)
  2 dart slugs (D:3)
  2 orcs (D:3)
  9 endoplasms
  4 giant cockroaches
  15 goblins
  8 hobgoblins
  5 jackals
  9 kobolds
  A quokka (D:2)
  A ball python (D:3)
  6 bats
  A frilled lizard (D:2)
  4 rats (D:1)
79 creatures vanquished.

Notes
Turn   | Place    | Note
-------+----------+-------------------------------------------
     0 | D:1      | croobank the Minotaur Fighter began the quest for the Orb.
     0 | D:1      | Reached XP level 1. HP: 19/19 MP: 0/0
   187 | D:1      | Reached XP level 2. HP: 22/27 MP: 1/1
   646 | D:1      | Reached XP level 3. HP: 32/33 MP: 2/2
  1640 | D:2      | Noticed Robin
  1649 | D:2      | Reached XP level 4. HP: 36/41 MP: 3/3
  1653 | D:2      | Killed Robin
  2121 | D:3      | Noticed Jessica
  2131 | D:3      | Killed Jessica
  2903 | D:4      | Reached XP level 5. HP: 39/47 MP: 4/4
  3034 | D:4      | Reached skill level 5 in Fighting
  3034 | D:4      | Reached skill level 5 in Armour
  3034 | D:4      | Reached skill level 5 in Shields
  3034 | D:4      | Reached XP level 6. HP: 53/56 MP: 5/5
  3123 | D:4      | Blown up by a gnoll

Illustrated notes

Levels and vault maps discovered:
D:1:      minmay_arrival_semitransparent, layout_basic, minmay_ruptured
D:2:      wander_river, layout_basic, uniq_robin
D:3:      layout_loops_corners, kennysheep_path_1, uniq_jessica
D:4:      layout_basic, portal_sewer_entry_b, grunt_decor_arrowhead,
          minmay_manual_mess

Skill      XL: |  1  2  3  4  5 |
---------------+----------------+-----
Shields        | 4 5 |  5.4
Fighting       | 4 5 |  5.4
Armour         | 4 5 |  5.4
Axes           | 3 4 |  4.7

Action                   |  1- 3 |  4- 6 || total
-------------------------+-------+-------++-------
Melee: War axe           |    89 |    76 ||   165
       Headbutt          |    11 |    11 ||    22
  Use: Scroll            |     1 |     9 ||    10
       Potion            |       |     1 ||     1
Armor: Scale mail        |    48 |    33 ||    81
Dodge: Dodged            |    40 |    34 ||    74
Block: Buckler           |    14 |    22 ||    36
